 Dungeon Crawl Stone Soup version 0.22-a0-305-gd21a89c (webtiles) character file.

1007 xccam the Carver (level 8, -2/58 HPs)
             Began as a Formicid Fighter on Mar 30, 2018.
             Was a Believer of Fedhas.
             Slain by Eustachio
             ... wielding a +4 rapier of protection
              (3 damage)
             ... on level 6 of the Dungeon.
             The game lasted 00:10:49 (4631 turns).

xccam the Carver (Formicid Fighter)                 Turns: 4631, Time: 00:10:50

Health: -2/58      AC:  8    Str: 28      XL:     8   Next: 44%
Magic:  17/17      EV:  9    Int:  8      God:    Fedhas [**....]
Gold:   183        SH: 11    Dex:  9 (10) Spells: 7/7 levels left

rFire    . . .     SeeInvis +   a - +0 long sword
rCold    . . .     Gourm    .   c - +0 shield
rNeg     . . .     Faith    .   b - +0 scale mail
rPois    .         Spirit   .   (helmet unavailable)
rElec    .         Reflect  .   r - scarf {repulsion}
rCorr    .         Harm     .   (no gloves)
MR       .....                  i - +0 pair of boots
Stlth    ..........             (no amulet)
HPRegen  0.19/turn              q - ring of magical power
MPRegen  0.15/turn              (no ring)

@: mighty, repel missiles
A: permanent stasis, dig shafts and tunnels, four strong arms, antennae 3
a: Dig, Shaft Self, Fungal Bloom, Evolution, Sunlight, Renounce Religion


You were on level 6 of the Dungeon.
You worshipped Fedhas.
Fedhas was pleased with you.
You were not hungry.

You visited 1 branch of the dungeon, and saw 6 of its levels.

You collected 183 gold pieces.

Inventory:

Hand Weapons
 a - a +0 long sword (weapon)
Armour
 b - a +0 scale mail (worn)
 c - a +0 shield (worn)
 i - a +0 pair of boots (worn)
 r - a scarf of repulsion (worn)
Jewellery
 q - a ring of magical power (left hand)
Wands
 t - a wand of paralysis (21)
 y - a wand of digging (11)
Scrolls
 g - 3 scrolls of magic mapping {unknown}
 k - 7 scrolls of identify {unknown}
 n - a scroll of enchant armour {unknown}
 o - 3 scrolls of enchant weapon {unknown}
 p - 3 scrolls of remove curse {unknown}
 s - 3 scrolls of random uselessness {unknown}
 v - a scroll of amnesia {unknown}
 w - 2 scrolls of immolation {unknown}
 x - a scroll of teleportation {unknown}
Potions
 e - 3 potions of lignification
 h - 2 potions of haste
 j - 2 potions of brilliance {unknown}
 l - 2 potions of curing {unknown}
 m - 2 potions of flight {unknown}
 u - 2 potions of degeneration {unknown}
Comestibles
 f - 14 rations


   Skills:
 - Level 3.2 Fighting
 - Level 8.0 Long Blades
 - Level 3.2 Armour
 + Level 7.0 Shields


You had 7 spell levels left.
You didn't know any spells.

Dungeon Overview and Level Annotations

Branches:
Dungeon (6/15)
 Temple: D:4-7

Altars:
Fedhas
Trog

Annotations:
D:6 2 transporters, Eustachio


Innate Abilities, Weirdness & Mutations

You cannot be hasted, slowed, berserked, paralysed or teleported.
You can dig through walls and to a lower floor.
Your four strong arms can wield two-handed weapons with a shield.
You have a pair of large antennae on your head. (SInv)


Message History

* * * LOW HITPOINT WARNING * * *
You block the rat's attack.
The quasit bites you but does no damage.
You block the quasit's attack. The quasit barely misses you.
You hit Eustachio but do no damage.
Eustachio is heavily wounded.
You block the bat's attack. Eustachio hits you but does no damage.
You block the bat's attack. The quasit barely misses you.
You riposte.
You hit the quasit.
The quasit is moderately wounded.
You block the quasit's attack. The quasit barely misses you.
The rat bites you but does no damage.
It was a potion of haste.
Your stasis prevents you from being hasted.
You block the bat's attack.
The quasit bites you but does no damage.
You block the quasit's attack. x2
Eustachio hits you with a rapier of protection.
You die...
Fedhas appreciates your contribution to the ecosystem.

#..#.).#.#.. ...####r.ยง.....
#..#####.#.##.##.....b#....##
#........#.# .#######<....###
#..#####.#.# .# ##.#..##.
#..#.. #.#.# .# #.#..@..
#..#.# #.#.# .# #.##.#..
#####..#.# #.#.# .# #.##.#.#
.......#.# ..#.##b## #.##.#.#
######.#.#####55@@.#
###(##.... #.#.......r##.#
#...####.# #.#.#####.5# #
##.### #.# #[#.#...#.## #...#
#.. ..####.#.#.#.#.# #
###...### ###
.......#.#P#.#.#
#.##...>...### #
#.####.#...#.#..
.............### #.#####.#..
####.......#.... #.......#..
###...#######


You could see Eustachio, 2 quasits, an ufetubus, a bat and a rat.

Vanquished Creatures
  The ghost of Fingolfin the Skirmisher, an amateur NaWn of Gozag (D:3)
  A sky beast (D:6)
  An ogre (D:5)
  A big kobold (D:4)
  3 bullfrogs (D:6)
  A crimson imp (D:6)
  A bullfrog zombie (D:6)
  2 jellies (D:6)
  A hound (D:6)
  A centaur skeleton (D:6)
  2 orc wizards
  A worker ant (D:6)
  An iguana (D:4)
  4 adders
  A shadow imp (D:5)
  An ooze (D:4)
  2 adder skeletons
  An adder zombie (D:4)
  3 leopard geckos
  8 orcs
  3 giant cockroaches
  2 goblins
  8 hobgoblins
  10 jackals
  6 kobolds
  A quokka (D:4)
  8 bats
  5 frilled lizards
  A leopard gecko skeleton (D:6)
  5 rats
86 creatures vanquished.

Vanquished Creatures (others)
  11 toadstools
11 creatures vanquished.

Grand Total: 97 creatures vanquished

Notes
Turn   | Place    | Note
-------+----------+-------------------------------------------
     0 | D:1      | xccam the Formicid Fighter began the quest for the Orb.
     0 | D:1      | Reached XP level 1. HP: 18/18 MP: 1/1
    31 | D:1      | Reached XP level 2. HP: 20/24 MP: 2/2
   120 | D:1      | Reached skill level 3 in Long Blades
   299 | D:1      | Reached XP level 3. HP: 29/29 MP: 3/3
   828 | D:2      | Found a faded altar of an unknown god.
   834 | D:2      | Became a worshipper of Fedhas Madash
   834 | D:2      | Reached * piety under Fedhas
  1603 | D:3      | Noticed Fingolfin's ghost (amateur NaWn)
  1622 | D:3      | HP: 2/43 [Fingolfin's ghost (1)]
  1625 | D:3      | Killed Fingolfin's ghost
  1625 | D:3      | Reached skill level 5 in Long Blades
  1625 | D:3      | Reached XP level 4. HP: 3/35 MP: 4/4
  1625 | D:3      | Reached XP level 5. HP: 4/41 MP: 5/5
  1625 | D:3      | Reached XP level 6. HP: 5/47 MP: 6/6
  1980 | D:3      | Reached skill level 6 in Long Blades
  3024 | D:4      | You fall through a shaft for 2 floors!
  3028 | D:6      | Reached XP level 7. HP: 52/52 MP: 7/7
  3108 | D:6      | Reached skill level 7 in Long Blades
  3248 | D:6      | Found a transporter.
  3251 | D:6      | Found a transporter.
  3269 | D:6      | Reached skill level 5 in Shields
  3285 | D:6      | Noticed a kobold demonologist
  3360 | D:6      | Noticed a kobold demonologist
  3408 | D:6      | Noticed Eustachio
  3428 | D:5      | Entered Level 5 of the Dungeon
  3652 | D:5      | Found a blossoming altar of Fedhas.
  4276 | D:5      | Found a bloodstained altar of Trog.
  4462 | D:6      | Reached XP level 8. HP: 57/58 MP: 8/8
  4482 | D:6      | Reached skill level 8 in Long Blades
  4533 | D:6      | Reached ** piety under Fedhas
  4629 | D:6      | HP: 1/58 [Eustachio/rapier of protection (6)]
  4631 | D:6      | Slain by Eustachio

Vault maps used:
D:1:      dpeg_arrival_court
D:2:      chequers_ecumenical_altar_grove, kennysheep_generic_room_14
D:3:      first_ration
D:5:      kennysheep_mini_moat, trog_butcher_becter
D:6:      gammafunk_wand_slinger, roderic_lattice_a, item_on_display_b,
          uniq_eustachio

Skill      XL: |  1  2  3  4  5  6  7  8 |
---------------+-------------------------+-----
Long Blades    | 3 5 6 7 8 |  8.0
Shields        | 4 5 7 |  7.0
Fighting       | |  3.2
Armour         | |  3.2

Action                   |  1- 3 |  4- 6 |  7- 9 || total
-------------------------+-------+-------+-------++-------
Melee: Long sword        |   154 |    62 |   230 ||   446
Invok: Fungal Bloom      |       |       |     4 ||     4
  Use: Potion            |     2 |       |     2 ||     4
  Eat: Chunk             |     2 |     4 |     3 ||     9
       Ration            |       |       |     1 ||     1
Armor: Scale mail        |    73 |    22 |    85 ||   180
       Skin              |    15 |     2 |       ||    17
Dodge: Dodged            |    50 |    16 |    83 ||   149
       Deflected         |       |       |     2 ||     2
Block: Shield            |   102 |    37 |   132 ||   271
       Rpst.: Long sword |    12 |     4 |    25 ||    41

Table legend:
 A = Spawn XP
 B = Non-spawn XP
 C = Spawn XP percentage of total XP
 D = Spawn monster count
 E = Non-spawn monster count
 F = Spawn count percentage of total count
 G = Total turns spent on level
                    A         B        C        D         E        F      G
               +---------+---------+-------+---------+---------+-------+---------
         Total |       0 |    1439 |   0.0 |       0 |      86 |   0.0 |  4631
               +---------+---------+-------+---------+---------+-------+---------
           D:1 |       0 |      37 |   0.0 |       0 |      21 |   0.0 |   760
           D:2 |       0 |      25 |   0.0 |       0 |      12 |   0.0 |   753
           D:3 |       0 |     258 |   0.0 |       0 |      12 |   0.0 |   820
           D:4 |       0 |     155 |   0.0 |       0 |       8 |   0.0 |   691
           D:5 |       0 |     202 |   0.0 |       0 |      13 |   0.0 |   950
           D:6 |       0 |     762 |   0.0 |       0 |      20 |   0.0 |   657
               +---------+---------+-------+---------+---------+-------+---------
